 Dungeon Crawl Stone Soup version 0.30-a0-167-g62a5988fa7 (webtiles) character file.

Game seed: 5237349442179179058

348 qw the Chopper (level 6, -1/40 HPs)
             Began as a Gargoyle Fighter on Sept 29, 2022.
             Slain by Duvessa
             ... wielding a +0 rapier
              (3 damage)
             ... on level 4 of the Dungeon.
             The game lasted 00:01:45 (4052 turns).

qw the Chopper (Gargoyle Fighter)                   Turns: 4052, Time: 00:01:45

Health: -1/40      AC: 16    Str: 27    XL:     6   Next: 60%
Magic:  6/6        EV:  8    Int:  9    God:
Gold:   209        SH:  9    Dex:  9    Spells: 5/5 levels left

rFire   . . .      SeeInvis .    Y - +1 war axe
rCold   . . .      Faith    .    c - +0 buckler
rNeg    + . .      Spirit   .    o - +0 chain mail
rPois   inf        Reflect  +    m - +2 helmet
rElec   +          Harm     .    (no cloak)
rCorr   .          Rampage  .    (no gloves)
Will    .....                    (no boots)
Stlth   ..........               j - amulet of reflection
HPRegen 0.13/turn                g - +6 ring of strength
MPRegen 0.10/turn                (no ring)

@: lit by a corona, glowing
A: sickness immunity, AC +4, negative energy resistance 1, electricity
resistance, torment resistance 1, petrification resistance
a: no special abilities


You were on level 4 of the Dungeon.
You visited 1 branch of the dungeon, and saw 4 of its levels.

You collected 209 gold pieces.


Innate Abilities, Weirdness & Mutations

You are immune to sickness and miasma.
Your stone body is resilient. (AC +4)
You are immune to poison.
You resist negative energy. (rN+)
You are resistant to electric shocks. (rElec)
You are resistant to unholy torment.
You are immune to petrification.


   Skills:
 - Level 5.0 Fighting
 + Level 5.3 Axes
 - Level 3.2 Armour
 - Level 3.2 Shields


You had 5 spell levels left.
You didn't know any spells.
Your spell library was empty.

Inventory:

Hand Weapons
 f - a +0 whip
 Y - a +1 war axe (weapon)
Missiles
 k - 3 boomerangs (quivered)
Armour
 c - a +0 buckler (worn)
 m - a +2 helmet (worn)
 o - a +0 chain mail (worn)
Jewellery
 g - a +6 ring of strength (left hand)
 j - an amulet of reflection (around neck)
Potions
 a - a potion of mutation {unknown}
 b - a potion of degeneration {unknown}
 d - 2 potions of might
 e - a potion of haste {unknown}
 h - 2 potions of lignification
 i - a potion of attraction

Dungeon Overview and Level Annotations

Branches:
Dungeon (4/15)
 Temple: D:4-7

Altars:

Annotations:
D:4 Dowan, Duvessa, Pikel


Message History

The orc priest mumbles some strange prayers to Beogh against you.
Beogh smites you!
An orc comes into view. It is wielding a +0 club.
The giant cockroach bites you but does no damage.
The adder bites you but does no damage.
The orc shouts!
You hit the adder.
The adder is heavily wounded.
You hit Duvessa but do no damage. You closely miss the giant cockroach.
The giant cockroach bites you but does no damage.
The adder bites you. You block Duvessa's attack.
The orc priest invokes the aid of Beogh against you.
Beogh smites you! You block the giant cockroach's attack.
The adder bites you but does no damage. Duvessa hits you but does no damage.
You slash the adder!
You kill the adder!
You hit Duvessa but do no damage. You hit the giant cockroach.
You kill the giant cockroach!
Duvessa barely misses you.
You miss Dowan.
Dowan is severely wounded.
You hit Duvessa. You closely miss the orc wizard. Duvessa closely misses you.
The orc wizard barely misses you.
Dowan's feet meld with the ground, briefly.
Dowan hits you but does no damage.
You closely miss Dowan.
Dowan is severely wounded.
You barely miss Duvessa. You barely miss the orc wizard.
Duvessa hits you but does no damage. The orc wizard closely misses you.
Dowan points at Duvessa and mumbles some strange words.
Duvessa seems to speed up.
Dowan says, "Stay away from my face!"
Dowan points at you and mumbles some strange words.
You are outlined in light.
Duvessa hits you with a +0 rapier. You block the orc wizard's attack.
You barely miss Dowan.
Dowan is severely wounded.
You slash the orc wizard! You closely miss Duvessa.
Duvessa hits you with a +0 rapier.
You die...

#....# ####.....##.#
#....######..........##.#
#>...................+###
##....#####..........#
####.# ......#### #.#
###### #.#### #....#
####@# #.eeo{.....
#..oo...... #........##
#........# ##......!#
#......... #.........


You could see Duvessa (fast), Dowan, an orc priest, an orc wizard and an orc.

Vanquished Creatures
  Eustachio (D:4)
  3 lemures (D:4)
  A hound (D:4)
  An orc priest (D:4)
  Robin (D:2)
  4 adders
  An ufetubus (D:4)
  2 worms (D:3)
  3 orcs (D:4)
  9 ball pythons
  8 endoplasms
  6 giant cockroaches
  14 hobgoblins
  2 jackals (D:1)
  3 quokkas
  3 bats
  16 goblins
  9 kobolds
  9 rats
96 creatures vanquished.

Notes
Turn   | Place    | Note
-------+----------+-------------------------------------------
     0 | D:1      | qw the Gargoyle Fighter began the quest for the Orb.
     0 | D:1      | Reached XP level 1. HP: 14/14 MP: 1/1
     0 | D:1      | 0 ||| qw: Version: 0.2-a-12-gaebbb33
     0 | D:1      | 0 ||| qw: Game counter: 1078
     0 | D:1      | 0 ||| qw: Always use a shield: true
     0 | D:1      | 0 ||| qw: God list: Okawaru
     0 | D:1      | 0 ||| qw: Allow faded altars: false
     0 | D:1      | 0 ||| qw: Do Orc after D:15 true
     0 | D:1      | 0 ||| qw: Do second Lair branch before Depths: true
     0 | D:1      | 0 ||| qw: Lair rune preference: random
     0 | D:1      | 0 ||| qw: Plans: Normal, Zot:1-4, God:TSO, Crypt, Tomb,
                  | Pan, Slime:5, Hells, Abyss, Orb
     0 | D:1      | 0 ||| PLANNING D:1-11
   234 | D:1      | Reached XP level 2. HP: 17/19 MP: 2/2
   513 | D:1      | Reached skill level 3 in Axes
   793 | D:1      | Reached XP level 3. HP: 23/23 MP: 3/3
  1208 | D:1      | 1208 ||| UPGRADING to amulet of reflection.
  1213 | D:1      | 1213 ||| UPGRADING to +6 ring of strength.
  1214 | D:1      | 1214 ||| READING scroll labelled ISINEAH ANOS.
  1438 | D:2      | 1438 ||| FLEEEEING.
  1439 | D:2      | 1439 ||| FLEEEEING.
  1440 | D:2      | 1440 ||| FLEEEEING.
  1441 | D:2      | 1441 ||| FLEEEEING.
  1442 | D:2      | 1442 ||| FLEEEEING.
  1443 | D:2      | 1443 ||| FLEEEEING.
  1444 | D:2      | 1444 ||| FLEEEEING.
  1445 | D:2      | 1445 ||| FLEEEEING.
  1446 | D:2      | 1446 ||| FLEEEEING.
  1447 | D:2      | 1447 ||| FLEEEEING.
  1450 | D:2      | 1450 ||| FLEEEEING.
  1453 | D:2      | 1453 ||| FLEEEEING.
  1454 | D:2      | 1454 ||| FLEEEEING.
  1456 | D:2      | 1456 ||| FLEEEEING.
  1457 | D:2      | 1457 ||| FLEEEEING.
  1458 | D:2      | 1458 ||| FLEEEEING.
  1459 | D:2      | 1459 ||| FLEEEEING.
  1460 | D:2      | 1460 ||| FLEEEEING.
  1462 | D:2      | 1462 ||| FLEEEEING.
  1463 | D:2      | 1463 ||| STAIRDANCE
  1606 | D:1      | 1606 ||| READING scroll labelled INICEF ZOCREGG.
  1607 | D:1      | 1607 ||| READING scroll labelled NIUFIT BO PELENG.
  1608 | D:1      | 1608 ||| DRINKING 2 blue potions.
  1661 | D:2      | Reached XP level 4. HP: 28/28 MP: 4/4
  1830 | D:2      | Noticed Robin
  1839 | D:2      | Killed Robin
  1848 | D:2      | 1848 ||| Stepping ~*~*~tactically~*~*~ (hiding).
  2166 | D:2      | 2166 ||| UPGRADING to +2 helmet.
  2171 | D:2      | 2171 ||| READING scroll labelled BIPROU HUTAASH.
  2172 | D:2      | 2172 ||| READING scroll labelled URGHIU HEANY.
  2173 | D:2      | 2173 ||| DRINKING 2 fuming black potions.
  2214 | D:3      | 2214 ||| Stepping ~*~*~tactically~*~*~ (stealth).
  2231 | D:3      | 2231 ||| Stepping ~*~*~tactically~*~*~ (stealth).
  2232 | D:3      | 2232 ||| Stepping ~*~*~tactically~*~*~ (stealth).
  2238 | D:3      | 2238 ||| Stepping ~*~*~tactically~*~*~ (stealth).
  2247 | D:3      | 2247 ||| Stepping ~*~*~tactically~*~*~ (stealth).
  2327 | D:3      | 2327 ||| Stepping ~*~*~tactically~*~*~ (stealth).
  2379 | D:3      | 2379 ||| Stepping ~*~*~tactically~*~*~ (stealth).
  2518 | D:3      | 2518 ||| Stepping ~*~*~tactically~*~*~ (stealth).
  2569 | D:3      | Reached XP level 5. HP: 32/32 MP: 5/5
  2794 | D:3      | 2794 ||| UPGRADING to +0 chain mail.
  2804 | D:3      | 2804 ||| DROPPING +0 scale mail.
  2805 | D:3      | 2805 ||| READING scroll labelled BIYTIA KAELUR.
  2806 | D:3      | 2806 ||| READING scroll labelled REAKHL INIME.
  2807 | D:3      | 2807 ||| READING scroll labelled DOFOBUOCWURI.
  2865 | D:3      | 2865 ||| READING scroll labelled RYUTWOA ULUSM.
  2866 | D:3      | 2866 ||| READING scroll labelled ECOZXO MOCK.
  2924 | D:4      | 2924 ||| Stepping ~*~*~tactically~*~*~ (stealth).
  3092 | D:4      | Noticed Eustachio
  3124 | D:4      | Killed Eustachio
  3125 | D:4      | Reached XP level 6. HP: 20/40 MP: 6/6
  3581 | D:4      | Noticed Pikel
  3587 | D:4      | 3587 ||| Stepping ~*~*~tactically~*~*~ (stealth).
  3588 | D:4      | 3588 ||| Stepping ~*~*~tactically~*~*~ (stealth).
  3589 | D:4      | 3589 ||| Stepping ~*~*~tactically~*~*~ (stealth).
  3593 | D:4      | 3593 ||| Stepping ~*~*~tactically~*~*~ (stealth).
  3600 | D:4      | HP: 10/40 [Pikel/+0 whip of flaming (7)]
  3601 | D:4      | 3601 ||| READING scroll of teleportation.
  3604 | D:4      | HP: 4/40 [Pikel/+0 whip of flaming (1)]
  3900 | D:4      | 3900 ||| Stepping ~*~*~tactically~*~*~ (hiding).
  4041 | D:4      | Noticed Duvessa
  4041 | D:4      | Noticed Dowan
  4048 | D:4      | HP: 4/40 [orc priest/divine providence (13)]
  4052 | D:4      | Slain by Duvessa

Levels and vault maps discovered:
D:1:      dpeg_arrival_ratfight, layout_basic, minmay_3d_cube
D:2:      layout_basic, minmay_heptomino_o4, uniq_robin
D:3:      layout_rooms, chequers_serial_rivers_micro_e
D:4:      layout_basic, corexii_hall_statues_x, minmay_misc_feat_rows,
          uniq_eustachio, uniq_pikel, uniq_duvessa

Skill      XL: |  1  2  3  4  5 |
---------------+----------------+-----
Axes           | 2 3 4 5 |  5.3
Fighting       | 5 |  5.0
Armour         | |  3.2
Shields        | |  3.2

Action                   |  1- 3 |  4- 6 || total
-------------------------+-------+-------++-------
Melee: War axe           |   112 |   199 ||   311
  Use: Scroll            |     3 |     8 ||    11
       Potion            |     1 |     1 ||     2
Armor: Scale mail        |    46 |    47 ||    93
       Chain mail        |       |    82 ||    82
Dodge: Dodged            |    41 |    76 ||   117
Block: Buckler           |    21 |   103 ||   124
       Reflection        |       |     2 ||     2

Table legend:
 A = Non-vault XP
 B = Vault XP
 C = Vault XP percentage of total XP
 D = Non-vault monster count
 E = Vault monster count
 F = Vault count percentage of total count
                 A         B        C        D         E       F
            +---------+---------+-------+---------+---------+-------
      Total |     244 |     254 |  51.0 |      69 |      24 |  25.8
            +---------+---------+-------+---------+---------+-------
        D:1 |      36 |      11 |  23.4 |      23 |       8 |  25.8
        D:2 |      22 |      52 |  70.3 |      12 |      15 |  55.6
        D:3 |      51 |       0 |   0.0 |      20 |       0 |   0.0
        D:4 |     135 |     191 |  58.6 |      14 |       1 |   6.7
            +---------+---------+-------+---------+---------+-------
